 Dungeon Crawl Stone Soup version 0.22.0-21-g8bd1b0a (webtiles) character file.

2879 frankhovis the Thaumaturge (level 9, -4/42 HPs)
             Began as a Vine Stalker Summoner on Aug 18, 2018.
             Was a Priest of Wu Jian.
             Slain by a hornet (8 damage)
             ... while paralysed by a hornet
             ... on level 9 of the Dungeon on Aug 19, 2018.
             The game lasted 03:23:08 (8829 turns).

frankhovis the Thaumaturge (Vine Stalker Summoner)  Turns: 8829, Time: 03:23:09

Health: -4/42      AC:  4    Str: 16    XL:     9   Next: 76%
Magic:  0/22       EV:  2    Int: 16    God:    Wu Jian [***...]
Gold:   431        SH:  0    Dex: 17    Spells: 8/24 levels left

rFire    . . .     SeeInvis .     - Unarmed
rCold    . . .     Gourm    .   (no shield)
rNeg     . . .     Faith    .   (no armour)
rPois    .         Spirit   +   I - +0 helmet
rElec    .         Reflect  .   w - +1 cloak
rCorr    .         Harm     .   d - +0 pair of gloves
MR       +....                  (no boots)
Stlth    +++.......             (no amulet)
HPRegen  0.54/turn              C - +5 ring of strength
MPRegen  0.18/turn              f - +4 ring of evasion

@: paralysed, very slightly contaminated, slowed
A: fangs 3, regeneration 1, magic shield, antimagic bite, no potion heal 3, rot
immunity
a: Wall Jump, Serpent's Lash, Renounce Religion


You were on level 9 of the Dungeon.
You worshipped Wu Jian.
Wu Jian was most pleased with you.
You were not hungry.

You visited 2 branches of the dungeon, and saw 10 of its levels.

You collected 431 gold pieces.

Inventory:

Hand Weapons
 b - a +2 whip of freezing
 v - a +0 hand crossbow
 D - a +1 dagger of venom
 F - a +5 great sword of freezing
 R - a +2 dagger of holy wrath
Missiles
 g - 40 poisoned needles
 l - 205 stones (quivered)
 s - 13 tomahawks
 O - a throwing net
Armour
 d - a +0 pair of gloves (worn)
 o - the +2 chain mail "Copreot" {rC+ Str+4 Int+5}
   (You found it on level 4 of the Dungeon)

   It affects your strength (+4).
   It affects your intelligence (+5).
   It protects you from cold.
 w - a +1 cloak (worn)
 I - a +0 helmet (worn)
 J - a cursed +0 buckler
Magical Staves
 q - an uncursed staff of wizardry
Jewellery
 f - a +4 ring of evasion (right hand)
 A - a +2 ring of strength
 C - a +5 ring of strength (left hand)
 M - an uncursed ring of stealth
 N - a +3 ring of dexterity
Wands
 a - a wand of acid (9)
 r - a wand of random effects (27)
 H - a wand of flame (28)
 L - a wand of clouds (5)
 P - a wand of iceblast (16)
Scrolls
 e - a scroll of magic mapping
 n - 3 scrolls of amnesia
 p - 6 scrolls of teleportation
 x - 2 scrolls of fog
 y - 6 scrolls of immolation
 B - a scroll of blinking
 E - 3 scrolls of remove curse
Potions
 h - a potion of haste
 i - a potion of flight
 j - 2 potions of heal wounds {unknown}
 k - 2 potions of ambrosia {unknown}
 m - a potion of brilliance
 t - 2 potions of might
 u - 5 potions of curing {unknown}
 z - a potion of berserk rage
 G - a potion of agility
 Q - 3 potions of mutation {unknown}
Comestibles
 c - 6 rations
 S - 6 chunks of flesh


   Skills:
 + Level 1.7 Fighting
 - Level 0.3 Throwing
 + Level 3.1 Dodging
 + Level 5.6 Stealth
 + Level 5.3 Unarmed Combat
 + Level 8.0 Spellcasting
 - Level 0.5 Conjurations
 - Level 2.0 Hexes
 + Level 7.3 Summonings
 + Level 2.0 Ice Magic


You had 8 spell levels left.
You knew the following spells:

 Your Spells              Type           Power        Failure   Level  Hunger
a - Summon Small Mammal   Summ           ####         1%          1    None
b - Call Imp              Summ           ####....     1%          2    None
c - Confusing Touch       Hex            ##....       4%          1    None
d - Call Canine Familiar  Summ           ####....     1%          3    ##.....
e - Summon Guardian Gole  Hex/Summ       ###.....     4%          3    ##.....
f - Throw Frost           Conj/Ice       ##....       10%         2    None
g - Summon Ice Beast      Ice/Summ       ###.....     16%         4    ####...

Your spell library contained the following spells:

 Spells                   Type           Power        Failure   Level  Hunger
 Freeze                   Ice            ##..         4%          1    None
 Confuse                  Hex            ##......     14%         3    ##.....
 Ozocubu's Armour         Chrm/Ice       #.......     22%         3    ##.....
 Summon Lightning Spire   Summ/Air       ###.....     24%         4    ####...
 Gell's Gravitas          Tloc           #.........   32%         3    ##.....
 Throw Icicle             Conj/Ice       ##......     54%         4    ####...
 Petrify                  Tmut/Erth      #.......     73%         4    ####...
 Metabolic Englaciation   Hex/Ice        ##........   80%         5    #####..
 Yara's Violent Unravell  Hex/Tmut       #.........   90%         5    #####..


Dungeon Overview and Level Annotations

Branches:
Dungeon (9/15)             Temple (1/1) D:5            Lair (0/6) D:8
    Orc: D:9-12

Altars:
Cheibriados
Elyvilon
Fedhas
Hepliaklqana
Kikubaaqudgha
Makhleb
Okawaru
Qazlal
Ru
Wu Jian
Xom
Yredelemnul
The Shining One


Innate Abilities, Weirdness & Mutations

You have razor-sharp teeth.
Your natural rate of healing is unusually fast.
When hurt, damage is shared between your health and your magic reserves.
Your bite disrupts and absorbs the magic of your enemies.
Potions cannot restore your health.
You are immune to rotting.


Message History

Something stings your ice beast.
Casting: Summon Ice Beast (slightly dangerous; 16% risk of failure)
Confirm with . or Enter, or press ? or * to list all spells.
The hornet barely misses you. x2; Something barely misses your ice beast.
You feel yourself speed up. The hornet stings you.
You feel yourself slow down.
Your ice beast hits the hornet but does no damage.
Something stings your ice beast. The hornet stings you!
You suddenly lose the ability to move!
Your ice beast closely misses the hornet.
Something stings your ice beast!
Your ice beast dies!
The hornet stings you!
* * * LOW HITPOINT WARNING * * *
You feel as though you will be slow longer.
The hornet stings you!
* * * LOW HITPOINT WARNING * * *
You feel as though you will be slow longer.
The hornet stings you!
You die...

### #.######### #!#
###.# ## #.##.#
#.#h###.#
##.#.##.###
#a#.##....######
##y#y#...........
###@###...#######.
#..h.....##
###....#.# ######.#
#. ##.## #. ##...##
#. ##.....## #.#
##.......## #..#
###.........####...


You could see a soldier ant, a hornet and a friendly hound.

Vanquished Creatures
  A hungry ghost (D:8)
  A phantom (D:7)
  A sky beast (D:8)
  2 centaurs
  2 bullfrogs
  3 scorpions
  A wight (D:9)
  A howler monkey (D:9)
  A crimson imp (D:8)
  A bullfrog zombie (D:5)
  A jelly (D:7)
  2 hounds
  A centaur skeleton (D:7)
  8 orc wizards
  Crazy Yiuf (D:4)
  An iguana (D:6)
  3 worker ants
  5 adders
  3 gnolls (D:6)
  A shadow imp (D:7)
  An ooze (D:2)
  An adder zombie (D:8)
  2 adder skeletons
  6 worms
  3 dart slugs
  3 leopard geckos
  22 orcs
  7 giant cockroaches
  9 goblins
  A jackal (D:2)
  2 ball pythons
  4 bats
  4 frilled lizards
  6 kobolds
  12 rats
123 creatures vanquished.

Vanquished Creatures (collateral kills)
  A troll (D:9)
  An orc warrior (D:6)
  A necrophage (D:8)
  4 sky beasts
  3 ogres
  3 bullfrogs
  2 scorpions
  A wyvern zombie (D:8)
  A jelly (D:9)
  4 killer bees (D:9)
  2 wights (D:9)
  A centaur zombie (D:7)
  A hound (D:9)
  4 orc wizards
  A bullfrog skeleton (D:8)
  2 orc priests
  3 iguanas
  4 worker ants
  Robin (D:2)
  A gnoll (D:6)
  7 adders
  2 oozes (D:2)
  A worm (D:2)
  A dart slug (D:1)
  A leopard gecko (D:1)
  13 orcs
  A giant cockroach (D:6)
  9 goblins
  7 hobgoblins
  5 jackals
  2 quokkas
  4 bats
  2 frilled lizards (D:1)
  4 kobolds
  A rat (D:1)
101 creatures vanquished.

Vanquished Creatures (others)
  Pikel (D:3)
  An orc warrior (D:4)
  A slave (D:4)
  A scorpion (D:4)
4 creatures vanquished.

Grand Total: 228 creatures vanquished

Notes
Turn   | Place    | Note
-------+----------+-------------------------------------------
     0 | D:1      | frankhovis the Vine Stalker Summoner began the quest for the Orb.
     0 | D:1      | Reached XP level 1. HP: 9/9 MP: 4/4
   282 | D:1      | Reached XP level 2. HP: 13/13 MP: 6/6
   910 | D:1      | Reached XP level 3. HP: 5/16 MP: 4/8
  1260 | D:2      | Found a shimmering altar of Xom.
  1260 | D:2      | Found an ornate altar of the Wu Jian Council.
  1267 | D:2      | Became a worshipper of the Wu Jian Council
  1475 | D:2      | Learned a level 2 spell: Call Imp
  1477 | D:2      | Learned a level 1 spell: Confusing Touch
  1481 | D:2      | Learned a level 3 spell: Call Canine Familiar
  1496 | D:2      | Reached skill level 3 in Spellcasting
  1938 | D:2      | Found a stormy altar of Qazlal.
  2008 | D:2      | Gained mutation: Your natural rate of healing is unusually fast. [Vine Stalker growth]
  2008 | D:2      | Reached XP level 4. HP: 14/21 MP: 7/9
  2051 | D:2      | Noticed Robin
  2072 | D:2      | Reached skill level 1 in Unarmed Combat
  2117 | D:2      | Killed Robin
  2475 | D:2      | Reached * piety under Wu Jian
  2658 | D:3      | Found an ancient bone altar of Kikubaaqudgha.
  2848 | D:3      | Reached XP level 5. HP: 24/24 MP: 11/11
  2924 | D:3      | You fall through a shaft for 3 floors!
  2924 | D:6      | Noticed an orc warrior
  3004 | D:6      | Killed an orc warrior
  3004 | D:6      | Reached skill level 5 in Summonings
  3020 | D:5      | Entered Level 5 of the Dungeon
  3134 | D:5      | Reached XP level 6. HP: 20/28 MP: 7/12
  3314 | D:5      | Found a sacrificial altar of Ru.
  3581 | D:5      | Found a staircase to the Ecumenical Temple.
  3604 | Temple   | Entered the Ecumenical Temple
  3674 | D:5      | Reached skill level 4 in Spellcasting
  3823 | D:4      | Reached ** piety under Wu Jian
  3909 | D:4      | Learned a level 3 spell: Summon Guardian Golem
  3931 | D:4      | Reached XP level 7. HP: 32/32 MP: 8/14
  4318 | D:4      | Upgraded the game from 0.22.0-18-ge075c0d to 0.22.0-21-g8bd1b0a
  4383 | D:4      | Noticed Pikel
  4400 | D:3      | Killed Pikel
  4448 | D:4      | Found a runed door.
  4452 | D:4      | Noticed Crazy Yiuf
  4479 | D:4      | Found a snail-covered altar of Cheibriados.
  4484 | D:4      | Found a blossoming altar of Fedhas.
  4485 | D:4      | Found a hazy altar of Hepliaklqana.
  4485 | D:4      | Found a basalt altar of Yredelemnul.
  4485 | D:4      | Found a white marble altar of Elyvilon.
  4571 | D:4      | Got an ichor-stained chain mail
  4582 | D:4      | Identified the +2 chain mail "Copreot" {rC+ Str+4 Int+5} (You found it on level 4 of the Dungeon)
  4651 | D:4      | Found an iron altar of Okawaru.
  4759 | D:4      | Reached skill level 1 in Hexes
  4943 | D:4      | Killed Crazy Yiuf
  5001 | D:5      | Learned a level 2 spell: Throw Frost
  5061 | D:6      | Reached skill level 5 in Spellcasting
  5217 | D:6      | Gained mutation: You have razor-sharp teeth. [Vine Stalker growth]
  5217 | D:6      | Reached XP level 8. HP: 37/37 MP: 5/17
  5592 | D:6      | Found a burning altar of Makhleb.
  5592 | D:6      | Noticed an Executioner
  6170 | D:7      | Reached skill level 1 in Fighting
  6399 | D:7      | Reached skill level 6 in Spellcasting
  6940 | D:7      | Reached skill level 1 in Ice Magic
  7284 | D:8      | Reached *** piety under Wu Jian
  7358 | D:8      | Reached skill level 7 in Spellcasting
  7358 | D:8      | Reached XP level 9. HP: 41/41 MP: 6/20
  7364 | D:8      | Learned a level 4 spell: Summon Ice Beast
  7401 | D:8      | Reached skill level 5 in Stealth
  7614 | D:8      | Found a staircase to the Lair.
  7623 | D:8      | Reached skill level 5 in Unarmed Combat
  7736 | D:9      | Noticed a troll
  7747 | D:9      | Killed a troll
  8167 | D:9      | Found a glowing golden altar of the Shining One.
  8607 | D:9      | Reached skill level 8 in Spellcasting
  8815 | D:9      | Noticed a hornet
  8827 | D:9      | Paralysed by a hornet for 3 turns
  8829 | D:9      | Slain by a hornet

Skill      XL: |  1  2  3  4  5  6  7  8  9 |
---------------+----------------------------+-----
Spellcasting   | 3 4 5 7 8 |  8.0
Stealth        | 3 4 5 |  5.6
Unarmed Combat | 1 2 3 4 5 |  5.3
Dodging        | 2 3 |  3.1
Summonings     | 5 6 7 |  7.3
Hexes          | 1 2 |  2.0
Fighting       | 1 |  1.7
Ice Magic      | 1 2 |  2.0
Throwing       | |  0.3
Conjurations   | |  0.5

Action                   |  1- 3 |  4- 6 |  7- 9 || total
-------------------------+-------+-------+-------++-------
Melee: Unarmed           |   154 |   172 |   353 ||   679
       Whip              |     5 |       |       ||     5
       Bite              |    42 |    38 |   114 ||   194
       Punch             |       |     1 |     7 ||     8
Throw: Stone             |       |     6 |       ||     6
 Cast: Summon Small Mamm |    68 |     2 |       ||    70
       Call Canine Famil |     3 |    29 |    43 ||    75
       Call Imp          |     1 |    11 |    24 ||    36
       Summon Guardian G |       |     1 |    26 ||    27
       Throw Frost       |       |       |    30 ||    30
       Summon Ice Beast  |       |       |    15 ||    15
Invok: Lunge             |     3 |    20 |    44 ||    67
       Whirlwind         |       |     4 |    24 ||    28
       Wall Jump         |       |       |    17 ||    17
  Use: Scroll            |       |    11 |    12 ||    23
       Potion            |       |       |     1 ||     1
 Stab: Sleeping          |     9 |    15 |    15 ||    39
       Distracted        |       |       |     7 ||     7
  Eat: Chunk             |     4 |     7 |     9 ||    20
       Ration            |       |     1 |     5 ||     6
Armor: Robe              |    28 |    30 |     5 ||    63
       Skin              |       |       |    32 ||    32
Dodge: Dodged            |    91 |   116 |   228 ||   435
